 Dungeon Crawl Stone Soup version 0.28.0 (webtiles) character file.

Game seed: 8145335638196272159

24520 safid the Severer (level 13, -4/177 HPs)
             Began as a Hill Orc Fighter on Feb 3, 2022.
             Was an Elder of Beogh.
             Slain by an entropy weaver simulacrum (10 damage)
             ... in an ice cave on Feb 4, 2022.
             The game lasted 00:43:53 (16814 turns).

safid the Severer (Hill Orc Fighter)               Turns: 16814, Time: 00:43:53

Health: -4/177     AC: 26    Str: 24    XL:     13   Next: 13%
Magic:  4/21       EV:  2    Int:  8    God:    Beogh [****..]
Gold:   1113       SH:  7    Dex: 16    Spells: 12/12 levels left

rFire   x . .      SeeInvis .   a - +0 war axe
rCold   + . .      Faith    .   c - +0 buckler
rNeg    . . .      Spirit   .   (armour currently unavailable)
rPois   +          Reflect  .   (helmet currently unavailable)
rElec   .          Harm     .   (cloak currently unavailable)
rCorr   .          Rampage  .   (gloves currently unavailable)
Will    .....      NoTele   +   (boots currently unavailable)
Stlth   +.........              (no amulet)
HPRegen 0.39/turn               D - +6 ring of dexterity
MPRegen 0.17/turn               I - ring of ice

@: tree-form (expiring), engulfed, studying Fighting
A: stationary, stasis, torment immunity, boosted hp, (sturdy frame 1)
a: Renounce Religion, Smiting, Recall Orcish Followers


You were in an ice cave.
You worshipped Beogh.
Beogh was greatly pleased with you.
You were a tree.
You visited 3 branches of the dungeon, and saw 15 of its levels.
You also visited: Bailey and Ice Cave.

You collected 1162 gold pieces.
You spent 49 gold pieces at shops.

Inventory:

Hand Weapons
 a - a +0 war axe (weapon)
 F - a +0 eveningstar of freezing
Missiles
 d - a throwing net
 m - 25 javelins (quivered)
 N - 4 poisoned darts
Armour
 c - a +0 buckler (worn)
 l - a +0 cloak (melded)
 v - the +8 chain mail "Asuciuse" (melded) {Fly}
   (You found it on level 4 of the Dungeon)

   Fly:       It grants you flight.
 z - a +0 helmet (melded)
 E - the +0 ring mail of Epsoic {rC++ Int+3}
   (You found it on level 7 of the Dungeon)

   Int:       It affects your intelligence (+3).
   rC:        It greatly protects you from cold.
 Q - the +6 leather armour of Feasting {Will+ Dex+2}
   (You found it on level 12 of the Dungeon)

   Dex:       It affects your dexterity (+2).
   Will:      It increases your willpower.
 R - a +2 pair of boots (melded)
Jewellery
 k - an amulet of reflection
 D - a +6 ring of dexterity (left branch)
 G - a ring of fire
 I - a ring of ice (right branch)
Wands
 h - a wand of mindburst (29)
 A - a wand of iceblast (14)
 B - a wand of flame (19)
Scrolls
 b - a scroll of vulnerability {unknown}
 i - a scroll of magic mapping {unknown}
 j - a scroll of amnesia {unknown}
 o - 3 scrolls of fog
 r - a scroll of immolation {unknown}
 s - 3 scrolls of fear
 u - a scroll of blinking {unknown}
 w - a scroll of silence {unknown}
 x - 2 scrolls of teleportation
 y - a scroll of acquirement {unknown}
 K - a scroll of holy word {unknown}
 M - 4 scrolls of enchant weapon
Potions
 e - 4 potions of magic
 f - a potion of haste
 g - 2 potions of lignification
 n - 2 potions of curing {unknown}
 p - 2 potions of flight
 q - a potion of attraction {unknown}
 t - a potion of mutation
 C - a potion of resistance
 H - a potion of berserk rage {unknown}
 J - 2 potions of invisibility {unknown}
 L - a potion of might
 P - a potion of ambrosia {unknown}


   Skills:
 - Level 12.0 Fighting
 - Level 16.0 Axes
 + Level 9.1 Armour
 - Level 1.0 Dodging
 - Level 10.0 Shields
 + Level 11.4 Invocations
 + Level 7.3 Evocations


You had 12 spell levels left.
You didn't know any spells.
Your spell library contained the following spells:

 Spells                   Type           Power      Damage    Failure   Level
 Animate Skeleton         Necr           0%         N/A       45%         1
 Apportation              Tloc           0%         N/A       45%         1
 Slow                     Hex            0%         N/A       45%         1
 Summon Small Mammal      Summ           0%         N/A       45%         1
 Blink                    Tloc           0%         N/A       61%         2
 Call Canine Familiar     Summ           0%         N/A       83%         3
 Confusing Touch          Hex            0%         N/A       83%         3
 Inner Flame              Hex/Fire       0%         N/A       83%         3
 Lesser Beckoning         Tloc           0%         N/A       83%         3
 Portal Projectile        Hex/Tloc       0%         N/A       83%         3
 Vampiric Draining        Necr           0%         2d6       83%         3
 Cause Fear               Hex            0%         N/A       99%         4
 Leda's Liquefaction      Hex/Erth       0%         N/A       99%         4
 Passage of Golubria      Tloc           0%         N/A       99%         4
 Manifold Assault         Tloc           0%         N/A       100%        5
 Silence                  Hex/Air        0%         N/A       100%        5
 Borgnjor's Revivificati  Necr           0%         N/A       100%        8
 Discord                  Hex            0%         N/A       100%        8
 Lehudib's Crystal Spear  Conj/Erth      0%         10d2      100%        8
 Necromutation            Tmut/Necr      0%         N/A       100%        8
 Chain Lightning          Conj/Air       0%         N/A       100%        9
 Death's Door             Necr           0%         N/A       100%        9
 Fire Storm               Conj/Fire      0%         5d1       100%        9
 Shatter                  Erth           0%         3d5*      100%        9


Dungeon Overview and Level Annotations

Branches:
Dungeon (12/15)            Temple (0/1) D:4            Lair (1/6) D:9
    Orc (2/2) D:11         Bailey (visited)           IceCv (1/1)
    Elf: Orc:2

Altars:
Ashenzari
Fedhas
Gozag
Hepliaklqana
Kikubaaqudgha
Trog
Uskayaw
Vehumet
Xom
Yredelemnul
Zin

Shops:
D:5 [   D:6 *   Orc:2 !

Portals:
Gauntlet: Lair:1

Annotations:
Orc:2 Rupert IceCv exclusion: ice statue


Innate Abilities, Weirdness & Mutations

You are a tree.
Your roots penetrate the ground, keeping you stationary.
You cannot be teleported.
You are immune to unholy pain and torment.
Your maximum health is greatly increased.
Your equipment is partially melded.
((Your movements are slightly less encumbered by armour. (ER -2)))


Message History

The entropy weaver simulacrum hits you but does no damage. x2
You hit the entropy weaver simulacrum.
The entropy weaver simulacrum is moderately damaged.
You hit the quicksilver ooze. The quicksilver ooze hits you.
The quicksilver ooze hits you but does no damage.
Unknown command.
You slash the entropy weaver simulacrum!
The entropy weaver simulacrum is heavily damaged.
You hit the quicksilver ooze.
The entropy weaver simulacrum hits you but does no damage. x3
The entropy weaver simulacrum hits you.
* * * LOW HITPOINT WARNING * * *
The entropy weaver simulacrum freezes you!
You resist.
* * * LOW HITPOINT WARNING * * *
The quicksilver ooze hits you!
* * * LOW HITPOINT WARNING * * *
The quicksilver ooze hits you but does no damage.
Unknown command.
Okay, then.
You can't see any enemies this would affect, really read the scroll of fear?
Okay, then.
Unknown command.
Unknown command.
You cannot teleport because you are held in place by your roots.
Unknown command.
Unknown command.
Okay, then.
Unknown command.
It was a potion of mutation.
You feel extremely strange.
You feel less encumbered by your armour.
Your transformation is almost over.
The quicksilver ooze hits you.
The quicksilver ooze hits you but does no damage.
The entropy weaver simulacrum hits you but does no damage. x2
The entropy weaver simulacrum hits you.
* * * LOW HITPOINT WARNING * * *
The entropy weaver simulacrum freezes you!
You resist.
You die...

##...## ##.## ##.##
####...#### #.........####
.....#####.....###
...###...####....##
####...ZJZ.####...####
###....Z.##♣....##.....## .
##....########..)[##.....##
.Z
##....####....###[.........#
..8#.............
######.....#
......###....###. ......#
....### ...### ......## ####
...## .....### ..... #######
##....


You could see a quicksilver ooze, a glowing shapeshifter simulacrum and an
entropy weaver simulacrum.

Vanquished Creatures
  Harold (D:7)
  An ogre mage (Orc:2)
  4 two-headed ogres
  An orc sorcerer (Orc:1)
  2 cyclopes (Orc:1)
  Maurice (D:8)
  A kobold demonologist (D:11)
  2 entropy weaver simulacra (IceCv)
  4 trolls
  5 slime creatures (IceCv)
  4 shadows
  23 yaks
  Eustachio (D:5)
  3 wyverns
  2 vampire mosquitoes (D:12)
  2 water moccasins
  2 acid dragons
  3 wargs (Orc:1)
  18 orc warriors
  2 sky beasts
  An ice beast (D:7)
  A hornet zombie (D:6)
  A necrophage (D:7)
  6 ogres
  11 centaurs
  10 wolves
  2 phantoms
  3 bullfrogs
  3 glowing shapeshifter simulacra (IceCv)
  7 scorpions
  2 water moccasin zombies
  A water moccasin skeleton (D:7)
  5 killer bees (D:10)
  4 wights (D:10)
  4 howler monkeys
  2 electric eels (D:9)
  2 centaur zombies
  7 hounds
  A jelly (D:6)
  2 orc priests
  A centaur skeleton (D:6)
  5 iguanas
  6 orc wizards
  A killer bee zombie (D:6)
  4 howler monkey zombies
  5 gnolls
  8 adders
  A shadow imp (D:7)
  2 ufetubi
  An adder skeleton (D:4)
  A worm (D:3)
  2 dart slugs (D:4)
  37 orcs
  5 ball pythons
  3 bats
  5 endoplasms
  4 giant cockroaches
  4 hobgoblins
  6 jackals
  3 kobolds
  3 quokkas
  2 frilled lizards
  10 goblins
  A quokka skeleton (D:4)
  3 rats
280 creatures vanquished.

Vanquished Creatures (collateral kills)
  Kirke (D:12)
  An ogre mage (Orc:2)
  A boulder beetle (D:11)
  2 two-headed ogres (Orc:2)
  Sonja (D:12)
  A manticore (D:11)
  A gargoyle (D:12)
  4 trolls
  3 hogs (D:12)
  A vampire mosquito (D:12)
  An acid dragon (D:12)
  2 wargs
  2 orc warriors (Orc:1)
  7 ogres
  A gnoll sergeant (Orc:2)
  4 orc priests
  An orc wizard (Orc:2)
  3 gnolls (Orc:2)
  4 orcs
41 creatures vanquished.

Vanquished Creatures (others)
  An orc knight (Orc:2)
  2 orc warriors
  An entropy weaver simulacrum (IceCv)
  7 orc priests
  5 orc wizards
  18 orcs
  3 fungi (Lair:1)
37 creatures vanquished.

Grand Total: 358 creatures vanquished

Notes
Turn   | Place    | Note
-------+----------+-------------------------------------------
     0 | D:1      | safid the Hill Orc Fighter began the quest for the Orb.
     0 | D:1      | Reached XP level 1. HP: 19/19 MP: 1/1
    90 | D:1      | Reached XP level 2. HP: 23/27 MP: 2/2
   202 | D:1      | Reached skill level 3 in Axes
   612 | D:2      | Noticed an ogre
   766 | D:2      | Reached XP level 3. HP: 23/33 MP: 3/3
  1398 | D:3      | Reached skill level 4 in Axes
  1405 | D:3      | Reached XP level 4. HP: 10/40 MP: 4/4
  1692 | D:3      | Reached skill level 5 in Axes
  1692 | D:3      | Reached XP level 5. HP: 32/46 MP: 5/5
  1918 | D:3      | Reached skill level 1 in Dodging
  2306 | D:3      | Found a glowing silver altar of Zin.
  2307 | D:3      | Found a basalt altar of Yredelemnul.
  2465 | D:4      | Reached skill level 6 in Axes
  2495 | D:4      | Reached XP level 6. HP: 48/52 MP: 6/6
  2592 | D:4      | Found a staircase to the Ecumenical Temple.
  2657 | D:4      | Identified the +8 chain mail "Asuciuse" {Fly}
  2824 | D:4      | Reached skill level 7 in Axes
  3014 | D:5      | Entered Level 5 of the Dungeon
  3030 | D:5      | Reached skill level 8 in Axes
  3030 | D:5      | Reached XP level 7. HP: 35/59 MP: 7/7
  3217 | D:5      | Became a worshipper of Beogh the Brigand
  3217 | D:5      | Noticed Eustachio
  3228 | D:5      | Killed Eustachio
  3229 | D:5      | Reached skill level 9 in Axes
  3336 | D:5      | Reached skill level 10 in Axes
  3364 | D:5      | Reached XP level 8. HP: 62/66 MP: 8/8
  3444 | D:5      | Reached skill level 11 in Axes
  3685 | D:5      | Found Qusk's Armour Shoppe.
  3691 | D:5      | Bought a +0 helmet for 49 gold pieces
  4060 | D:6      | Reached skill level 12 in Axes
  4585 | D:6      | Reached skill level 13 in Axes
  4622 | D:6      | Reached * piety under Beogh
  4704 | D:6      | Noticed a wyvern
  4710 | D:6      | Killed a wyvern
  4711 | D:6      | Reached XP level 9. HP: 62/71 MP: 9/9
  4723 | D:6      | Reached skill level 14 in Axes
  5154 | D:6      | Found Hapn's Assorted Antiques.
  5224 | D:7      | Reached skill level 15 in Axes
  5280 | D:7      | Noticed Harold
  5301 | D:7      | Killed Harold
  5302 | D:7      | Reached skill level 16 in Axes
  5302 | D:7      | Reached skill level 1 in Invocations
  5397 | D:7      | Identified the +0 ring mail of Epsoic {rC++ Int+3}
  5690 | D:7      | Found a radiant altar of Vehumet.
  5740 | D:7      | Reached skill level 5 in Fighting
  5797 | D:7      | Reached XP level 10. HP: 80/81 MP: 12/12
  5803 | D:7      | Reached skill level 5 in Shields
  6246 | D:8      | Found a blossoming altar of Fedhas.
  6248 | D:8      | Found a hazy altar of Hepliaklqana.
  6249 | D:8      | Found a bloodstained altar of Trog.
  6250 | D:8      | Found an opulent altar of Gozag.
  6250 | D:8      | Found a hide-covered altar of Uskayaw.
  6251 | D:8      | Found an ancient bone altar of Kikubaaqudgha.
  6650 | D:8      | Noticed Maurice
  6669 | D:8      | Killed Maurice
  6954 | D:8      | Upgraded the game from 0.28-b1-70-g80dc712255 to 0.28.0
  7012 | D:8      | Reached skill level 5 in Invocations
  7670 | D:9      | Reached ** piety under Beogh
  7960 | D:9      | Reached skill level 1 in Evocations
  8358 | D:9      | You are sucked into a shaft and drop 2 floors!
  8373 | D:11     | Found a broken altar of Ashenzari.
  8384 | D:11     | Noticed a kobold demonologist
  8397 | D:11     | Killed a kobold demonologist
  8411 | D:11     | Reached XP level 11. HP: 24/93 MP: 16/16
  8417 | D:11     | Reached skill level 5 in Armour
  8817 | D:10     | Entered Level 10 of the Dungeon
  8861 | D:10     | Noticed a two-headed ogre
  8898 | D:10     | Killed a two-headed ogre
  9210 | D:10     | Found a flagged portal.
  9219 | Bailey   | Entered a bailey
  9930 | Bailey   | Reached *** piety under Beogh
 11781 | D:9      | Found a staircase to the Lair.
 12267 | D:11     | Found a staircase to the Orcish Mines.
 12546 | D:11     | Noticed a boulder beetle
 12561 | D:11     | Killed a boulder beetle
 12561 | D:11     | Gained Garbold as an ally
 12731 | D:11     | Noticed a manticore
 12739 | D:11     | Killed a manticore
 13155 | D:12     | Noticed Sonja
 13168 | D:12     | Killed Sonja
 13169 | D:12     | Reached skill level 10 in Fighting
 13169 | D:12     | Reached XP level 12. HP: 58/106 MP: 18/18
 13437 | D:12     | Identified the +6 leather armour of Feasting {Will+ Dex+2}
 13442 | D:12     | Found a shimmering altar of Xom.
 13442 | D:12     | Found a shimmering altar of Xom.
 13446 | D:12     | Found a shimmering altar of Xom.
 13446 | D:12     | Found a shimmering altar of Xom.
 13447 | D:12     | Found a shimmering altar of Xom.
 13462 | D:12     | Noticed Kirke
 13467 | D:12     | Found a shimmering altar of Xom.
 13467 | D:12     | Found a shimmering altar of Xom.
 13470 | D:12     | Reached **** piety under Beogh
 13474 | D:12     | Killed Kirke
 13475 | D:12     | Reached skill level 5 in Evocations
 13543 | D:12     | Noticed a two-headed ogre
 13551 | D:12     | Killed a two-headed ogre
 14022 | D:12     | Noticed a seven-headed hydra
 14044 | Orc:1    | Entered Level 1 of the Orcish Mines
 14687 | Orc:2    | Entered Level 2 of the Orcish Mines
 14693 | Orc:2    | Noticed Rupert
 15024 | Orc:2    | Found Lierhof's Distillery.
 15040 | Orc:2    | Noticed a two-headed ogre
 15048 | Orc:2    | Killed a two-headed ogre
 15049 | Orc:2    | Reached skill level 10 in Invocations
 15053 | Orc:2    | Noticed an ogre mage
 15058 | Orc:2    | Noticed a two-headed ogre
 15058 | Orc:2    | Noticed a two-headed ogre
 15062 | Orc:2    | Noticed an ogre mage
 15065 | Orc:2    | Noticed an ogre mage
 15065 | Orc:2    | Killed a two-headed ogre
 15068 | Orc:2    | Killed a two-headed ogre
 15076 | Orc:2    | Killed an ogre mage
 15078 | Orc:2    | Killed an ogre mage
 15085 | Orc:2    | Noticed a two-headed ogre
 15086 | Orc:2    | Your ally Garbold died
 15480 | Orc:1    | Killed a two-headed ogre
 15724 | Lair:1   | Entered Level 1 of the Lair of Beasts
 15747 | Lair:1   | Reached skill level 10 in Shields
 15755 | Lair:1   | Reached XP level 13. HP: 79/118 MP: 21/21
 16046 | Lair:1   | Found a gate leading to a gauntlet.
 16061 | Lair:1   | Found a frozen archway.
 16070 | IceCv    | Entered an ice cave
 16792 | IceCv    | Noticed a quicksilver ooze
 16814 | IceCv    | Gained mutation: Your movements are slightly less
                  | encumbered by armour. (ER -2) [potion of mutation]
 16814 | IceCv    | HP: 6/177 [entropy weaver simulacrum (3)]
 16814 | IceCv    | Slain by an entropy weaver simulacrum

Illustrated notes

Levels and vault maps discovered:
D:1:      heliophobic_arrival_dark_side_of_the_moon, layout_rooms
D:2:      layout_loops_ring, shapermc_ecumenical_altar_petra
D:3:      layout_basic, minitemple, chequers_serial_rivers_micro_a,
          corexii_corridor_pit
D:4:      layout_basic, minmay_temple_entry_junction
D:5:      layout_cave_pools, serial_shops, nicolae_shop_waterfront,
          solitary_fountain, serial_bayou_pond_a, minmay_crystal_water,
          uniq_eustachio
D:6:      minmay_clustersquares, layout_basic, serial_shops, shop_fountains
D:7:      layout_rooms, mainiacjoe_overflow_catwalk, uniq_harold
D:8:      layout_loops_ring, grunt_temple_overflow_open, serial_glass,
          glass_columns_a, glass_columns_b, uniq_maurice
D:9:      layout_cave_pools, erik_lair_island
D:10:     layout_grid_maze, enter_bailey_5
D:11:     layout_basic, david_orc_3, evilmike_ruin_ashenzari
D:12:     layout_big_octagon, nicolae_xom_altar_mimics, uniq_sonja, uniq_kirke
Lair:1:   layout_regular_city, portal_ice_cave_entry_pillars_1,
          gauntlet_entry_generic, lemuel_fruit_tree, uniq_maggie
Orc:1:    layout_diamond_mine
Orc:2:    st_orc_ogre_mass, layout_diamond_mine, serial_shops,
          nicolae_square_shop, uniq_donald, uniq_rupert
IceCv:    ice_cave_hellmonk_azure_passage

Skill      XL: |  1  2  3  4  5  6  7  8  9 10 11 12 13 |
---------------+----------------------------------------+-----
Axes           | 3 4 5 6 8 10 13 16 | 16.0
Fighting       | 4 5 7 10 12 | 12.0
Armour         | 4 6 8 9 |  9.1
Dodging        | 1 |  1.0
Shields        | 4 7 8 10 | 10.0
Invocations    | 3 7 9 10 11 | 11.4
Evocations     | 2 4 6 7 |  7.3

Action                   |  1- 3 |  4- 6 |  7- 9 | 10-12 | 13-15 || total
-------------------------+-------+-------+-------+-------+-------++-------
Melee: War axe           |    75 |   118 |   231 |   714 |    87 ||  1225
Throw: Javelin           |       |       |       |     5 |       ||     5
Invok: Convert to Beogh  |       |       |     1 |       |       ||     1
       Recall Orcish Fol |       |       |       |     5 |       ||     5
       Smiting           |       |       |       |     1 |       ||     1
  Use: Potion            |       |       |     2 |     7 |     2 ||    11
       Scroll            |       |       |     4 |     9 |       ||    13
 Stab: Distracted        |       |       |       |     2 |       ||     2
Armor: Scale mail        |    56 |    55 |       |       |       ||   111
       Chain mail        |       |    27 |   111 |   405 |    75 ||   618
       Skin              |       |       |       |     2 |    17 ||    19
Dodge: Dodged            |    49 |    46 |    57 |   251 |    39 ||   442
Block: Buckler           |    21 |    36 |    36 |   215 |    28 ||   336
